 Dungeon Crawl Stone Soup version 0.31-b1-17-gcfd88c8481 (webtiles) character file.

Game seed: 9446893547880799684

179 hawla the Twirler (level 5, -2/28 HPs)
             Began as a Deep Elf Fire Elementalist on Jan 15, 2024.
             Slain by an ice beast (14 damage)
             ... on level 3 of the Dungeon.
             The game lasted 00:04:27 (2294 turns).

hawla the Twirler (Deep Elf Fire Elementalist)      Turns: 2294, Time: 00:04:28

Health: -2/28      AC:  2    Str:  5    XL:     5   Next: 33%
Magic:  4/11       EV: 13    Int: 22    God:
Gold:   135        SH:  0    Dex: 15    Spells: 7/10 levels left

rFire   . . .        i - staff of earth
rCold   . . .        (no shield)
rNeg    . . .        a - +0 robe
rPois   .            (no helmet)
rElec   .            (no cloak)
rCorr   .            (no gloves)
SInv    .            (no boots)
Will    .....        (no amulet)
Stlth   ++           e - ring of flight
HPRegen 0.24/turn    (no ring)
MPRegen 0.12/turn

%: no passive effects
@: flying
A: no striking features
a: no special abilities


You were on level 3 of the Dungeon.
You visited 1 branch of the dungeon, and saw 3 of its levels.

You collected 135 gold pieces.

Inventory:

Missiles
 j - 3 poisoned darts
Armour
 a - a +0 robe (worn)
Magical Staves
 i - a staff of earth (weapon)
Jewellery
 e - a ring of flight (left hand)
Wands
 p - a wand of digging (9)
Scrolls
 f - 3 scrolls of teleportation
 h - a scroll of noise {unknown}
 k - a scroll of summoning {unknown}
 l - a scroll of fear {unknown}
 m - 2 scrolls of identify
 n - a scroll of vulnerability {unknown}
Potions
 b - a potion of magic
 c - 2 potions of curing
 d - a potion of brilliance {unknown}
 g - a potion of attraction
 o - a potion of heal wounds {unknown}


   Skills:
 + Level 4.2 Staves
 - Level 2.7 Dodging
 - Level 2.6 Stealth
 - Level 3.1 Spellcasting
 - Level 1.3 Conjurations
 - Level 4.0 Fire Magic
 + Level 0.1 Earth Magic


You had 7 spell levels left.
You knew the following spells:

 Your Spells              Type           Power      Damage    Failure   Level
a - Foxfire               Conj/Fire      60%        2x1d7     4%          1
b - Scorch                Fire           42%        2d6       3%          2

Your spell library contained the following spells:

 Spells                   Type           Power      Damage    Failure   Level
 Freeze                   Ice            12%        1d3       12%         1
 Inner Flame              Hex/Fire       12%        N/A       16%         3
 Volatile Blastmotes      Fire/Tloc      24%        2d12      16%         3
 Dazzling Flash           Conj/Hex       12%        N/A       28%         3
 Hailstorm                Conj/Ice       6%         3d5       28%         3
 Mephitic Cloud           Conj/Alch/Air  5%         N/A       30%         3
 Frozen Ramparts          Ice            6%         1d1       36%         3
 Flame Wave               Conj/Fire      15%        2d7       38%         4
 Curse of Agony           Necr           3%         N/A       98%         5
 Silence                  Hex/Air        1%         N/A       98%         5


Dungeon Overview and Level Annotations

Branches:
Dungeon (3/15)

Altars:


Message History

Terence is burned terribly!
Terence is severely wounded.
The foxfire hits Terence!
Terence is burned terribly!
You kill Terence!
Your Staves skill increases to level 4!
There is an open door here.
There is an open door here.
You reach down and open the door.
An ice beast comes into view.
Found a ring mail, 6 gold pieces and a scroll labelled CYQA JYENKE.
An ice beast is nearby!
An ice beast is nearby!
Casting: Scorch (safe; 3% risk of failure)
Confirm with . or Enter, or press ? or * to list all spells.
You conjure some foxfire!
Casting: Foxfire (safe; 4% risk of failure)
Confirm with . or Enter, or press ? or * to list all spells.
You conjure some foxfire!
The foxfire hits the ice beast but does no damage.
The foxfire hits the ice beast but does no damage.
The foxfire hits the ice beast.
The ice beast melts!
The ice beast is lightly wounded.
The foxfire hits the ice beast but does no damage.
The ice beast is lightly wounded.
Casting: Foxfire (safe; 4% risk of failure)
Confirm with . or Enter, or press ? or * to list all spells.
Flames lash the ice beast.
The ice beast melts!
The ice beast is heavily wounded.
The ice beast's fire resistance burns away.
Unknown command.
Casting: Scorch (safe; 3% risk of failure)
Confirm with . or Enter, or press ? or * to list all spells.
Flames lash the ice beast but do no damage.
The ice beast hits you. The ice beast freezes you!
Unknown command.
Casting: Scorch (safe; 3% risk of failure)
Confirm with . or Enter, or press ? or * to list all spells.
You conjure some foxfire!
The ice beast hits you. The ice beast freezes you!
Ouch! That really hurt!
You die...

#..))...'...'..†....#.......
#.......#..†#.......#.......
##.....##)..##.....##.......
##...###...###...## .......
##### #.).# ##### ......
##...###...# ...# ##....
##.....##...# ..... #....
#.......#.v.#?..... #....
#..)..).'.v@Y....[. #....
#.......#...#$.....
##.....##...# .....
##...###...# ...# #####
#...# ### #...# #...# #...#


You could see an ice beast (combustible, ally target).

Vanquished Creatures
  Terence (D:3)
  Natasha (thrice) (D:2)
  3 adders
  2 ribbon worms (D:2)
  5 ball pythons
  5 endoplasms
  2 giant cockroaches (D:1)
  2 goblins
  5 hobgoblins
  2 kobolds (D:3)
  3 quokkas (D:1)
  8 bats
  6 frilled lizards
  4 rats (D:1)
51 creatures vanquished.

Vanquished Creatures (others)
  120 foxfires
120 creatures vanquished.

Grand Total: 171 creatures vanquished

Notes
Turn   | Place    | Note
-------+----------+-------------------------------------------
     0 | D:1      | hawla the Deep Elf Fire Elementalist began the quest for
                  | the Orb.
     0 | D:1      | Reached XP level 1. HP: 10/10 MP: 6/6
   117 | D:1      | Reached XP level 2. HP: 11/15 MP: 1/8
  1001 | D:1      | Reached XP level 3. HP: 19/19 MP: 9/9
  1058 | D:2      | Reached skill level 1 in Staves
  1182 | D:2      | Noticed Natasha
  1187 | D:2      | Killed Natasha
  1188 | D:2      | Reached XP level 4. HP: 24/24 MP: 5/10
  1403 | D:2      | Learned a level 2 spell: Scorch
  1833 | D:2      | Noticed Natasha
  1837 | D:2      | Killed Natasha
  1881 | D:2      | Noticed Natasha
  1892 | D:2      | Killed Natasha
  1893 | D:2      | Reached XP level 5. HP: 18/28 MP: 1/11
  2214 | D:3      | Noticed Terence
  2219 | D:3      | Killed Terence
  2288 | D:3      | Noticed an ice beast
  2294 | D:3      | Slain by an ice beast

Illustrated notes

Levels and vault maps discovered:
D:1:      dpeg_arrival_rooms_with_view, layout_basic, serial_forest,
          infiniplex_forest_clump_medium, infiniplex_forest_lined_room_3,
          infiniplex_forest_straight_4, infiniplex_forest_end_double,
          infiniplex_forest_clump_curved, infiniplex_forest_clump_double,
          corexii_hall_statues_t, minmay_split_cup_small
D:2:      layout_basic, kennysheep_boxes, uniq_natasha
D:3:      kennysheep_six_static_rooms, layout_basic, corner_web_ring,
          uniq_terence

Skill      XL: |  1  2  3  4  5 |
---------------+----------------+-----
Fire Magic     | 4 |  4.0
Staves         | 2 3 4 |  4.2
Dodging        | |  2.7
Stealth        | |  2.6
Spellcasting   | |  3.1
Conjurations   | |  1.3
Earth Magic    | |  0.1

Action                     |  1- 3 |  4- 6 || total
---------------------------+-------+-------++-------
  Melee: Staff             |    21 |    14 ||    35
   Cast: Foxfire           |    40 |    29 ||    69
         Scorch            |       |    11 ||    11
    Use: Scroll            |     3 |       ||     3
   Stab: Sleeping          |     1 |       ||     1
 Armour: Robe              |    23 |     8 ||    31
  Dodge: Dodged            |    31 |    15 ||    46
